Map: Oceanborn LE

Players

Nyck - Winner!

  • Race: Terran Terran
  • League: Silver
  • Spawn Location: 11:00

VOD

Have the link to the VOD?

Description

Time

  • Played on: Oct. 27, 2024, 1:32 p.m.
  • Length: 11:27
Show
View Real Time Build Order
Export as new Build Order

Nyck Terran - Winner!

Build Orders:  

Get SALT Encoding   

  12  0:00  SCV  
  13  0:17  SCV  
  14  0:24  Supply Depot  
  14  0:35  SCV  
  15  0:55  SCV  
  15  0:56  Barracks  
  16  1:05  Refinery  
  16  1:12  SCV  
  17  1:29  SCV  
  18  1:56  Command Center  
  19  2:10  Reaper  
  19  2:17  Orbital Command  
  19  2:34  Refinery  
  19  2:57  Factory  
  19  2:59  Marine  
  20  3:14  SCV  
  21  3:24  Marine  
  21  3:26  Supply Depot  
  22  3:41  SCV  
  22  3:43  Orbital Command  
  22  3:49  Marine  
  24  3:58  SCV  
  25  4:11  Bunker  
  25  4:15  SCV  
  25  4:19  SCV  
  27  4:23  Starport  
  27  4:25  Factory Reactor  
  27  4:29  Barracks  
  27  4:31  Barracks Tech Lab  
  27  4:35  SCV  
  28  4:45  SCV  
  29  4:56  Barracks  
  29  4:57  SCV  
  30  5:01  Unknown  
  30  5:03  SCV  
  30  5:09  Marine  
  32  5:35  Marine  
  32  5:38  Marine  
  34  5:44  SCV x2  
  34  5:49  Medivac  
  38  5:54  Medivac  
  40  6:00  Marine  
  40  6:01  SCV x2  
  40  6:03  Marine  
  40  6:04  Refinery  
  40  6:06  Refinery  
  40  6:09  Barracks Reactor  
  44  6:15  Supply Depot  
  44  6:17  Supply Depot  
  44  6:18  SCV x2  
  46  6:22  Factory Reactor  
  46  6:45  SCV x2, Marine  
  49  7:02  SCV x2, Stimpack  
  51  7:12  Engineering Bay x2  
  51  7:15  Armory  
  51  7:19  SCV x2  
  53  7:34  Marine  
  53  7:35  SCV x2, Barracks Reactor  
  53  7:37  Marine x2  
  58  7:52  SCV x2  
  58  7:53  Medivac  
  62  8:07  Terran Infantry Weapons Level 1  
  62  8:24  Command Center  
  62  8:33  Supply Depot  
  62  8:35  Marine x3, Medivac  
  62  8:36  Marine x2  
  69  8:41  Medivac  
  69  8:43  Hellion x2  
  75  8:59  SCV x2  
  77  9:00  Marine  
  77  9:03  Marine  
  79  9:30  Supply Depot  
  79  9:32  Hellion x2  
  79  9:33  Marine x2  
  79  9:34  Marine  
  86  9:52  SCV, Marine x2, Medivac x2  
  93  10:09  SCV  
  94  10:41  Marine x3  
  94  10:42  Marine x2  
  94  10:45  Hellion x2  
Tags
 
League
Silver
Matchup
Co-op
Replay Pack
up to 2025-04-19
Add a new tag
Caveats
  • Supply blocks, unpowered buildings, or Contaminate may cause inaccurate times.
  • Supply counts are checked every 10 seconds.